 Dungeon Crawl Stone Soup version 0.22-a0-352-gc608dd7 (webtiles) character file.

42 khargal the Skirmisher (level 3, -9/33 HPs)
             Began as a Draconian Monk on Apr 14, 2018.
             Mangled by Sigmund
             ... wielding a +0 scythe
              (10 damage)
             ... on level 2 of the Dungeon.
             The game lasted 00:01:43 (1221 turns).

khargal the Skirmisher (Draconian Monk)             Turns: 1221, Time: 00:01:44

Health: -9/33      AC:  5    Str: 13    XL:     3   Next: 35%
Magic:  3/3        EV: 13    Int: 10    God:
Gold:   88         SH:  0    Dex: 14    Spells: 2/2 levels left

rFire    . . .     SeeInvis .   a - +0 falchion
rCold    . . .     Gourm    .   (no shield)
rNeg     . . .     Faith    .   (armour unavailable)
rPois    .         Spirit   .   (helmet restricted)
rElec    .         Reflect  .   (no cloak)
rCorr    .         Harm     .   (no gloves)
MR       .....                  (no boots)
Stlth    ++........             (no amulet)
HPRegen  0.11/turn              (no ring)
MPRegen  0.08/turn              (no ring)

@: no status effects
A: unfitting armour, cold-blooded, AC +5
a: no special abilities


You were on level 2 of the Dungeon.
You were not hungry.

You visited 1 branch of the dungeon, and saw 2 of its levels.

You collected 88 gold pieces.

Inventory:

Hand Weapons
 a - a +0 falchion (weapon)
Scrolls
 d - a scroll of magic mapping {unknown}
 e - a scroll of blinking {unknown}
 f - a scroll of immolation {unknown}
 g - a scroll of remove curse {unknown}
 j - 3 scrolls of fog {unknown}
Potions
 h - a potion of agility {unknown}
 i - a potion of berserk rage {unknown}
Comestibles
 b - 5 rations
 c - 8 chunks of flesh


   Skills:
 - Level 4.0 Fighting
 + Level 3.4 Long Blades
 + Level 3.1 Dodging
 + Level 1.9 Stealth


You had 2 spell levels left.
You didn't know any spells.

Dungeon Overview and Level Annotations

Branches:
Dungeon (2/15)

Altars:

Annotations:
D:2 Sigmund


Innate Abilities, Weirdness & Mutations

Your plain brown scales are hard. (AC +5)
You cannot fit into any form of body armour.
You are cold-blooded and may be slowed by cold attacks.


Message History

No target in view!
No target in view!
No target in view!
You closely miss something. Something hits you!
You hit something but do no damage.
You hear some strange, mumbled words.
A puff of flame appears from out of thin air!
The puff of flame hits you!
You hit something. Something hits you.
* * * LOW HITPOINT WARNING * * *
You hit something but do no damage. You hit something.
Something barely misses you.
You barely miss something. Something hits you.
* * * LOW HITPOINT WARNING * * *
You barely miss something. Something hits you!
* * * LOW HITPOINT WARNING * * *
You barely miss something.
Unknown command.
You hit something but do no damage. Something hits you!
You die...

.........#.#.....
........#.#.....
$.......#.#.....
#....#.#.....
#....#.#.....
###............
#....###)#.....
######+###.!..#
#.######
#.....{@......#
#(#
#.............#
#)#
#...".........#
#.#
#######<##....#
#.# #$##....#
#.######
#.##S...#
#(#.....
#.##.=..#
#.#.####
..##....#
#....... ###.####


There were no monsters in sight!

Vanquished Creatures
  An adder (D:2)
  An ooze (D:1)
  2 giant cockroaches (D:1)
  6 goblins
  2 hobgoblins
  2 jackals (D:1)
  4 bats
  3 frilled lizards
  4 kobolds
  5 rats
30 creatures vanquished.

Notes
Turn   | Place    | Note
-------+----------+-------------------------------------------
     0 | D:1      | khargal the Draconian Monk began the quest for the Orb.
     0 | D:1      | Reached XP level 1. HP: 19/19 MP: 1/1
    50 | D:1      | Reached XP level 2. HP: 24/26 MP: 2/2
  1138 | D:2      | Reached skill level 4 in Fighting
  1157 | D:2      | Reached XP level 3. HP: 33/33 MP: 3/3
  1200 | D:2      | Noticed Sigmund
  1219 | D:2      | HP: 1/33 [something (7)]
  1221 | D:2      | Mangled by Sigmund

Vault maps used:
D:1:      lightli_molten_gateway, minmay_misc_feat_x, supply_closet_lemuel,
          patterned_corridor
D:2:      marbit_many_paths, first_ration, uniq_sigmund

Skill      XL: |  1  2 |
---------------+-------+-----
Dodging        | 3 |  3.1
Fighting       | 4 |  4.0
Long Blades    | |  3.4
Stealth        | |  1.9

Action                   || total
-------------------------++-------
Melee: Falchion          ||    71
       Tailslap          ||     2
 Stab: Sleeping          ||     4
       Distracted        ||     1
  Eat: Chunk             ||     1
Armor: Skin              ||    12
Dodge: Dodged            ||    53
       Rpst.: Falchion   ||    13

Table legend:
 A = Spawn XP
 B = Non-spawn XP
 C = Spawn XP percentage of total XP
 D = Spawn monster count
 E = Non-spawn monster count
 F = Spawn count percentage of total count
 G = Total turns spent on level
                    A         B        C        D         E        F      G
               +---------+---------+-------+---------+---------+-------+---------
         Total |       0 |      61 |   0.0 |       0 |      30 |   0.0 |  1221
               +---------+---------+-------+---------+---------+-------+---------
           D:1 |       0 |      32 |   0.0 |       0 |      18 |   0.0 |  1013
           D:2 |       0 |      29 |   0.0 |       0 |      12 |   0.0 |   208
               +---------+---------+-------+---------+---------+-------+---------
